 Dungeon Crawl Stone Soup version 0.28.0-53-g5a82cb258f (webtiles) character file.

Game seed: 12642842210391432970

10921 Peloso the Carver (level 11, -6/99 HPs)
             Began as a Minotaur Fighter on July 26, 2022.
             Was a High Priest of Okawaru.
             Mangled by a tengu warrior
             ... wielding a +0 great sword
             ... led by a tengu warrior
              (11 damage)
             ... on level 13 of the Dungeon.
             The game lasted 00:22:25 (13147 turns).

Peloso the Carver (Minotaur Fighter)               Turns: 13147, Time: 00:22:25

Health: -6/99      AC: 21    Str: 23    XL:     11   Next: 42%
Magic:  9/11       EV:  9    Int:  5    God:    Okawaru [*****.]
Gold:   254        SH: 12    Dex: 12    Spells: 10/10 levels left

rFire   . . .      SeeInvis .   a - +5 falchion (freeze)
rCold   . . .      Faith    .   c - +0 kite shield
rNeg    . . .      Spirit   .   g - +0 plate armour
rPois   .          Reflect  .   (helmet restricted)
rElec   .          Harm     .   w - +0 cloak
rCorr   .          Rampage  .   m - +1 pair of gloves
Will    .....                   (no boots)
Stlth   ..........              (no amulet)
HPRegen 0.26/turn               (no ring)
MPRegen 0.12/turn               (no ring)

@: heroic
A: horns 2, retaliatory headbutt
a: Renounce Religion, Heroism, Finesse, Duel


You were on level 13 of the Dungeon.
You worshipped Okawaru.
Okawaru was extremely pleased with you.
You visited 2 branches of the dungeon, and saw 13 of its levels.
You also visited: Ossuary.

You collected 542 gold pieces.
You spent 288 gold pieces at shops.

Inventory:

Hand Weapons
 a - a +5 falchion of freezing (weapon)
 b - a +0 long sword
Missiles
 C - 2 throwing nets (quivered)
Armour
 c - a +0 kite shield (worn)
 g - a +0 plate armour (worn)
 m - a +1 pair of gloves (worn)
 w - a +0 cloak (worn)
Jewellery
 t - a ring of wizardry
Wands
 d - a wand of flame (22)
 f - a wand of mindburst (7)
 n - a wand of polymorph (12)
 v - a wand of paralysis (8)
Scrolls
 e - 4 scrolls of teleportation
 h - 2 scrolls of enchant weapon
 i - a scroll of summoning
 j - a scroll of silence
 k - 3 scrolls of enchant armour
 o - 2 scrolls of noise {unknown}
 y - 4 scrolls of fear {unknown}
 D - a scroll of identify
 F - a scroll of blinking {unknown}
Potions
 l - a potion of flight
 p - 5 potions of brilliance
 q - a potion of might
 r - 2 potions of magic
 s - 11 potions of curing
 u - a potion of cancellation
 x - a potion of mutation
 A - a potion of invisibility {unknown}
 B - a potion of resistance {unknown}
 E - a potion of haste


   Skills:
 + Level 10.1(15.1) Fighting
 + Level 13.9(18.9) Long Blades
 + Level 10.6(15.6) Armour
 + Level 2.0(7.0) Dodging
 + Level 1.7(6.7) Stealth
 + Level 9.5(14.5) Shields
 + Level 1.3 Invocations
 + Level 1.0 Evocations


You had 10 spell levels left.
You didn't know any spells.
Your spell library contained the following spells:

 Spells                   Type           Power      Damage    Failure   Level
 Slow                     Hex            0%         N/A       100%        1
 Ensorcelled Hibernation  Hex/Ice        0%         N/A       100%        2
 Confusing Touch          Hex            0%         N/A       100%        3
 Gell's Gravitas          Tloc           0%         N/A       100%        3
 Spider Form              Tmut/Pois      0%         N/A       100%        3
 Teleport Other           Tloc           0%         N/A       100%        3
 Vampiric Draining        Necr           0%         2d6       100%        3
 Anguish                  Hex/Necr       0%         N/A       100%        4
 Petrify                  Tmut/Erth      0%         N/A       100%        4
 Metabolic Englaciation   Hex/Ice        0%         N/A       100%        5
 Dispersal                Tloc           0%         N/A       100%        6
 Statue Form              Tmut/Erth      0%         N/A       100%        6
 Enfeeble                 Hex            0%         N/A       100%        7
 Tukima's Dance           Hex            Unusable   N/A       N/A         3

Dungeon Overview and Level Annotations

Branches:
Dungeon (11/15)            Temple (1/1) D:4            Lair (0/6) D:8
Ossuary (visited)
    Orc: D:9-12

Altars:
Ashenzari
Cheibriados
Dithmenos
Elyvilon
Fedhas
Gozag
Hepliaklqana
Kikubaaqudgha
Makhleb
Nemelex Xobeh
Okawaru
Qazlal
Ru
Sif Muna
Trog
Uskayaw
Vehumet
Wu Jian
Xom
Yredelemnul
Zin
The Shining One

Shops:
D:4 =?:((   D:7 !

Annotations:
D:5 1 runed translucent door, Ijustatesigmund's ghost, novice OpVM


Innate Abilities, Weirdness & Mutations

You have a pair of horns on your head.
You reflexively headbutt those who attack you in melee.


Message History

You block the boulder beetle's attack.
You closely miss the tengu warrior. Your headbutt misses the tengu warrior.
The tengu warrior is severely wounded.
You block the tengu warrior's attack. The tengu warrior pecks you.
* * * LOW HITPOINT WARNING * * *
The tengu warrior barely misses you.
You feel much better. You block the boulder beetle's attack.
You block the tengu warrior's attack.
The tengu warrior pecks you but does no damage.
The tengu warrior claws you but does no damage.
You gain the combat prowess of a mighty hero.
The boulder beetle bites you. You block the tengu warrior's attack.
The tengu warrior pecks you. You block the tengu warrior's attack.
You closely miss the tengu warrior. Your headbutt misses the tengu warrior.
The tengu warrior is severely wounded.
The boulder beetle bites you but does no damage.
You barely miss the tengu warrior.
The tengu warrior is severely wounded.
You block the tengu warrior's attack. The tengu warrior pecks you.
The tengu warrior claws you. The boulder beetle bites you.
You hit the tengu warrior. You freeze the tengu warrior.
Your headbutt misses the tengu warrior.
The tengu warrior is almost dead.
You block the tengu warrior's attack. x2; The tengu warrior claws you.
You closely miss the tengu warrior. Your headbutt misses the tengu warrior.
The tengu warrior is almost dead.
You block the boulder beetle's attack.
You hit the tengu warrior. You freeze the tengu warrior.
The tengu warrior is almost dead.
The tengu warrior hits you with a +0 great sword!
* * * LOW HITPOINT WARNING * * *
The tengu warrior pecks you.
* * * LOW HITPOINT WARNING * * *
The tengu warrior claws you but does no damage.
The boulder beetle bites you!
* * * LOW HITPOINT WARNING * * *
You hit the tengu warrior. You freeze the tengu warrior.
The tengu warrior is almost dead.
The tengu warrior hits you with a +0 great sword!
You die...

## .. .# ####.####
#####+##### #.......#
#.........# ######.......#
#.........# ##.Q@B......°.#
#.!..Q..Q.###..####......°###
#....?....#...## #.)÷.......
#.........'.### #..(....##
#.......:.### ###.#####
####+###### #..## ##..# #
##.# #.# #########'##


You could see a boulder beetle and a tengu warrior.

Vanquished Creatures
  Harold (D:9)
  2 two-headed ogres (D:9)
  A tengu warrior (D:13)
  2 ugly things
  A cyclops (D:11)
  Maurice (D:8)
  A gargoyle (D:10)
  An unseen horror (D:11)
  A tengu conjurer (D:13)
  A troll (D:10)
  Grinder (D:3)
  A wyvern (D:8)
  A shadow (D:10)
  A yak (D:8)
  Menkaure (D:6)
  A water moccasin (D:9)
  2 black bears (D:8)
  An orc warrior (D:9)
  A necrophage (D:6)
  3 sky beasts
  3 ogres
  6 centaurs
  8 bullfrogs
  2 gnoll sergeants
  3 kobold brigands
  2 water moccasin zombies (Ossuary)
  2 scorpions
  4 killer bees (D:8)
  13 wights
  5 howler monkeys
  3 electric eels (D:10)
  5 centaur zombies
  7 orc priests
  A gnoll shaman (D:10)
  5 hounds
  A jelly (D:4)
  A centaur skeleton (D:6)
  Terence (D:2)
  4 iguanas
  12 orc wizards
  A killer bee zombie (D:7)
  4 mummies
  A howler monkey zombie (D:10)
  Robin (D:3)
  16 gnolls
  11 adders
  A shadow imp (D:7)
  A white imp (D:7)
  2 ufetubi
  4 adder zombies (Ossuary)
  An adder skeleton (D:4)
  A worm (D:2)
  3 dart slugs
  20 orcs
  8 ball pythons
  6 endoplasms
  2 giant cockroaches (D:1)
  6 gnoll zombies (Ossuary)
  18 goblins
  8 hobgoblins
  3 quokkas
  7 bats
  A goblin zombie (D:4)
  22 kobolds
  8 kobold zombies
  11 orc zombies (Ossuary)
  5 rats
285 creatures vanquished.

Vanquished Creatures (others)
  A two-headed ogre (D:13)
  6 fungi
  4 plants
11 creatures vanquished.

Grand Total: 296 creatures vanquished

Notes
Turn   | Place    | Note
-------+----------+-------------------------------------------
     0 | D:1      | Peloso the Minotaur Fighter began the quest for the Orb.
     0 | D:1      | Reached XP level 1. HP: 19/19 MP: 0/0
   215 | D:1      | Reached XP level 2. HP: 17/27 MP: 1/1
   432 | D:1      | Found a faded altar of an unknown god.
  1104 | D:2      | Reached skill level 3 in Long Blades
  1213 | D:2      | Reached XP level 3. HP: 33/33 MP: 2/2
  1346 | D:2      | Noticed Terence
  1354 | D:2      | Killed Terence
  1507 | D:2      | Reached XP level 4. HP: 36/40 MP: 3/3
  1557 | D:2      | Reached skill level 4 in Long Blades
  2203 | D:3      | Reached XP level 5. HP: 34/46 MP: 4/4
  2331 | D:3      | Reached skill level 5 in Long Blades
  2348 | D:3      | Noticed Grinder
  2361 | D:3      | Paralysed by Grinder for 5 turns
  2367 | D:3      | Killed Grinder
  2368 | D:3      | Reached skill level 6 in Long Blades
  2368 | D:3      | Reached skill level 5 in Armour
  2368 | D:3      | Reached skill level 1 in Dodging
  2368 | D:3      | Reached XP level 6. HP: 39/53 MP: 5/5
  2634 | D:3      | Noticed Robin
  2646 | D:3      | Killed Robin
  2679 | D:3      | Identified the +2 robe "Muwuta" {Int-3 Dex+5}
  2928 | D:4      | Found a shimmering altar of Xom.
  3011 | D:4      | Reached XP level 7. HP: 19/60 MP: 6/6
  3017 | D:4      | Found a staircase to the Ecumenical Temple.
  3043 | D:4      | Reached skill level 5 in Fighting
  3065 | D:4      | Reached skill level 7 in Long Blades
  3097 | D:4      | Found Zykatasy's Jewellery Emporium.
  3099 | D:4      | Found Upruss's Magic Scroll Emporium.
  3101 | D:4      | Found Doliowkafem's Book Shop.
  3124 | D:4      | Found Lekkin's Antique Weapon Shop.
  3211 | D:4      | Reached skill level 5 in Shields
  3231 | D:4      | Found a sand-covered staircase.
  3239 | Ossuary  | Entered an ossuary
  3621 | D:4      | Found Syxegomaimp's Weapon Boutique.
  3793 | Temple   | Entered the Ecumenical Temple
  3942 | Temple   | Became a worshipper of Warmaster Okawaru
  4184 | D:4      | Bought a scroll of identify for 22 gold pieces
  4248 | D:4      | Reached skill level 8 in Long Blades
  4407 | D:5      | Entered Level 5 of the Dungeon
  4468 | D:5      | Reached XP level 8. HP: 61/69 MP: 7/7
  4690 | D:5      | Found a runed translucent door.
  4696 | D:5      | Noticed Ijustatesigmund's ghost (novice OpVM)
  4837 | D:5      | Reached skill level 9 in Long Blades
  5168 | D:5      | Reached * piety under Okawaru
  5615 | D:6      | Reached skill level 10 in Long Blades
  5682 | D:6      | Found a sacrificial altar of Ru.
  5870 | D:6      | Found a glowing golden altar of the Shining One.
  5874 | D:6      | Found an ornate altar of the Wu Jian Council.
  5878 | D:6      | Found a broken altar of Ashenzari.
  5996 | D:6      | Noticed Menkaure
  6001 | D:6      | Killed Menkaure
  6172 | D:6      | Found a hide-covered altar of Uskayaw.
  6575 | D:7      | Found Zoupp's Distillery.
  6578 | D:7      | Bought a potion of mutation for 80 gold pieces
  6646 | D:7      | Reached XP level 9. HP: 76/78 MP: 8/8
  6767 | D:7      | Found a blossoming altar of Fedhas.
  6767 | D:7      | Found a hazy altar of Hepliaklqana.
  6934 | D:7      | Reached skill level 11 in Long Blades
  7071 | D:7      | Reached ** piety under Okawaru
  7388 | D:7      | Found a snail-covered altar of Cheibriados.
  8097 | D:8      | Reached *** piety under Okawaru
  8098 | D:8      | Reached skill level 12 in Long Blades
  8326 | D:8      | Found a staircase to the Lair.
  8415 | D:8      | Noticed Maurice
  8422 | D:8      | Killed Maurice
  8423 | D:8      | Reached XP level 10. HP: 82/88 MP: 9/9
  8938 | D:8      | Reached skill level 1 in Stealth
  9392 | D:4      | Bought a runed falchion for 186 gold pieces
  9649 | D:9      | Noticed a two-headed ogre
  9662 | D:9      | Killed a two-headed ogre
  9662 | D:9      | Reached **** piety under Okawaru
 10016 | D:9      | Noticed a two-headed ogre
 10023 | D:9      | Killed a two-headed ogre
 10024 | D:9      | Reached skill level 13 in Long Blades
 10029 | D:9      | Received a gift from Okawaru
 10142 | D:9      | Reached skill level 1 in Invocations
 10379 | D:9      | Noticed Harold
 10395 | D:9      | Killed Harold
 10925 | D:10     | Entered Level 10 of the Dungeon
 11118 | D:10     | Noticed a white ugly thing
 11125 | D:10     | Killed a white ugly thing
 11209 | D:10     | Reached XP level 11. HP: 97/97 MP: 10/10
 11249 | D:10     | Reached skill level 10 in Armour
 12696 | D:11     | Reached ***** piety under Okawaru
 12697 | D:11     | Reached skill level 10 in Fighting
 12773 | D:11     | You fall into a shaft and drop 2 floors!
 12818 | D:13     | Noticed a red ugly thing
 12830 | D:13     | Killed a red ugly thing
 12830 | D:13     | Received a gift from Okawaru
 12832 | D:13     | Killed a two-headed ogre
 12842 | D:13     | Noticed a boulder beetle
 12847 | D:13     | Noticed a tengu warrior
 12849 | D:13     | Noticed a tengu warrior
 13124 | D:13     | Killed a tengu warrior
 13125 | D:13     | Reached skill level 1 in Evocations
 13147 | D:13     | Mangled by a tengu warrior

Illustrated notes

Levels and vault maps discovered:
D:1:      elethiomel_arrival_fortress_basement, layout_basic,
          shapermc_ecumenical_altar_mp_ritualfount
D:2:      layout_loops_corners, uniq_terence
D:3:      wander_river, layout_basic, uniq_grinder, uniq_robin
D:4:      layout_cave_pods, mainiacjoe_overflow_catwalk,
          minmay_temple_entry_drinking_statues, nicolae_ossuary_entry_giza,
          serial_shops, shop, kennysheep_mini,
          nicolae_shop_bloodbath_and_beyond, nicolae_shop_crystal, shop
D:5:      layout_loops_ring, ebering_ghost_inner_flame, grunt_ministairs_7
D:6:      layout_gridville, general_overflow_altar, nicolae_ru_awakened_eye,
          grunt_temple_overflow_diamond, chequers_serial_rivers_small_a,
          hangedman_abyss_or_decor_stagger, uniq_menkaure
D:7:      layout_loops_ring, slow_altar_2, gammafunk_temple_overflow_wave,
          serial_shops, nicolae_shop_behind_doors, minmay_misc_feat_columns,
          hangedman_decor_peaks_small, roderic_roman_lattice, st_stairs_2,
          minmay_crossroads
D:8:      layout_gridville, david_lair_generic, uniq_maurice
D:9:      layout_stronghold, minmay_unpleasant_kobolds, uniq_harold
D:10:     layout_loops_corners, fungi_pond_lemuel,
          chequers_serial_rivers_small_3, nicolae_water_bricks
D:11:     layout_basic
D:13:     layout_roguey, minmay_misc_feat_ornament
Temple:   oiseaux_autumnal_temple

Skill      XL: |  1  2  3  4  5  6  7  8  9 10 11 |
---------------+----------------------------------+-----
Armour         | 4 5 6 8 9 10 | 10.6
Shields        | 4 5 7 8 9 |  9.5
Long Blades    | 3 4 6 8 10 12 13 | 13.9
Fighting       | 4 5 6 8 9 10 | 10.1
Dodging        | 1 2 |  2.0
Stealth        | 1 |  1.7
Invocations    | 1 |  1.3
Evocations     | 1 |  1.0

Action                   |  1- 3 |  4- 6 |  7- 9 | 10-12 || total
-------------------------+-------+-------+-------+-------++-------
Melee: Long sword        |    69 |    99 |   453 |    72 ||   693
       Headbutt          |     6 |    13 |    89 |    68 ||   176
       Falchion          |       |       |       |   236 ||   236
Invok: Heroism           |       |       |       |     9 ||     9
Evoke: Wand              |       |       |     3 |     6 ||     9
  Use: Scroll            |       |     4 |     6 |     5 ||    15
       Potion            |       |     1 |       |     2 ||     3
 Stab: Paralysed         |       |       |     4 |       ||     4
Armor: Scale mail        |    29 |    36 |       |       ||    65
       Plate armour      |       |     3 |   196 |   188 ||   387
Dodge: Dodged            |    34 |    41 |    69 |    73 ||   217
Block: Buckler           |    16 |    23 |    35 |       ||    74
       Kite shield       |       |       |   107 |   179 ||   286
